AoeStats
← neethgiE

Arena

509481950Analyzed
4v4 RM · 7d ago on Sep 26, 2026· 47m 1s· 8 players
Game mode
Random Map
Map size
Large (8 player)
Population
200
Speed
Normal
Resources
Standard
Victory
Conquest
Starting age
Dark Age
Ending age
Imperial Age
RankedLock teamsTeams togetherTeam positionsShared explorationLock speedFull tech treeHidden civsTurbo modeCheats
Victory
Defeat
🇨🇦 Romans · Canada
943
+14
🇵🇪 Varangians · Peru
940
+14
🇦🇷 Khmer · Argentina
935
+14
🇹🇼 Chinese · Taiwan
850
+18
🇪🇸 Khmer · Spain
942
-17
🇬🇧 Lithuanians · United Kingdom
905
-15
🇺🇸 Portuguese · United States
871
-14
🇬🇧 Varangians · United Kingdom
863
-14
M B Lamar4686
10:35 Feudal Age
14:07 Double-Bit Axe
16:41 Castle Age
15:12 Stone Mining
17:37 Gold Mining
19:07 Fletching
24:10 Town Watch
30:20 Imperial Age
31:57 Wheelbarrow
31:44 Arquebus
33:49 Chemistry
33:24 Bow Saw
35:33 Hand Cart
37:31 Siege Engineers
43:23 Ballistics
43:04 Murder Holes
neethgiE
9:39 Loom
11:26 Feudal Age
17:43 Castle Age
16:26 Double-Bit Axe
16:57 Horse Collar
19:45 Squires
21:11 Caravan
31:30 Forging
31:26 Scale Barding Armor
35:37 Imperial Age
35:31 Heavy Plow
36:02 Husbandry
36:12 Bloodlines
36:59 Conscription
39:09 Iron Casting
38:09 Cavalier
40:32 Chemistry
41:31 Fortified Wall
42:45 Bloodlines
42:37 Paladin
imbatibles5
2:31 Loom
11:30 Feudal Age
11:57 Double-Bit Axe
12:14 Horse Collar
16:07 Gold Mining
16:40 Town Watch
19:33 Castle Age
18:18 Scale Mail Armor
18:09 Fletching
19:50 Padded Archer Armor
21:25 Bodkin Arrow
21:36 Heavy Plow
21:49 Bow Saw
21:58 Stone Mining
22:03 Crossbowman
25:33 Pikeman
31:02 Imperial Age
29:58 Wheelbarrow
31:00 Scale Barding Armor
32:08 Chain Mail Armor
33:33 Forging
33:24 Bracer
36:10 Double Crossbow
38:20 Hoardings
38:52 Onager
40:45 Elite Ballista Elephant
42:00 Bloodlines
41:49 Light Cavalry
43:20 Chain Barding Armor
44:22 Hussar
47:49 Plate Barding Armor
necca
10:32 Feudal Age
13:03 Wheelbarrow
12:45 Double-Bit Axe
15:36 Castle Age
18:17 Hand Cart
19:33 Horse Collar
20:15 Heavy Plow
21:22 Bow Saw
26:22 Town Watch
26:40 Gold Mining
26:40 Stone Mining
29:42 Stone Shaft Mining
29:46 Squires
30:18 Husbandry
30:28 Bloodlines
31:39 Arson
31:40 Gambesons
34:01 Town Patrol
37:44 Imperial Age
35:07 Loom
36:45 Vendel Legacy
37:50 Cavalier
38:47 Forging
38:43 Scale Barding Armor
39:00 Conscription
38:49 Gothikon
41:22 Iron Casting
41:07 Chain Barding Armor
41:13 Pikeman
43:17 Two-Man Saw
42:50 Crop Rotation
45:18 Chemistry
44:39 Ballistics
44:31 Fortified Wall
Swordfish
1:53 Loom
15:47 Feudal Age
17:10 Wheelbarrow
16:29 Double-Bit Axe
16:27 Horse Collar
22:21 Castle Age
22:31 Gold Mining
22:48 Man-at-Arms
23:37 Long Swordsman
24:21 Scale Mail Armor
24:34 Forging
25:27 Squires
25:56 Pikeman
27:24 Chain Mail Armor
34:02 Bow Saw
35:25 Hand Cart
36:31 Stone Mining
40:24 Imperial Age
39:46 Iron Casting
39:42 Ballistics
39:38 Fortified Wall
41:28 Gold Shaft Mining
41:02 Town Watch
40:43 Heavy Scorpion
41:32 Ballistas
41:35 Siege Engineers
42:43 Chemistry
41:23 Halberdier
45:10 Blast Furnace
45:18 Capped Ram
45:18 Onager
46:53 Siege Ram
Departure
10:42 Feudal Age
12:53 Wheelbarrow
17:19 Castle Age
16:10 Stone Mining
17:14 Horse Collar
17:45 Double-Bit Axe
19:07 Bow Saw
22:35 Husbandry
23:51 Heavy Plow
26:06 Hand Cart
27:45 Gold Mining
32:12 Imperial Age
30:37 Forging
30:28 Padded Archer Armor
30:58 Bloodlines
31:40 Stone Shaft Mining
32:12 Arson
32:27 Squires
31:51 Vendel Legacy
33:22 Iron Casting
32:53 Scale Barding Armor
34:05 Two-Man Saw
33:26 Treadmill Crane
33:57 Scale Mail Armor
34:06 Town Watch
35:29 Blast Furnace
34:29 Elite Varangian Guard
35:59 Caravan
36:37 Crop Rotation
37:33 Chain Mail Armor
37:38 Chain Barding Armor
37:34 Leather Archer Armor
37:10 Fletching
39:26 Ballistics
40:11 Plate Mail Armor
40:23 Conscription
41:59 Gothikon
42:41 Murder Holes
42:57 Fortified Wall
42:57 Masonry
42:46 Bodkin Arrow
44:52 Plate Barding Armor
44:17 Bracer
44:50 Ring Archer Armor
SUSUKI
0:30 Loom
13:49 Feudal Age
15:09 Wheelbarrow
17:15 Castle Age
15:07 Horse Collar
15:48 Double-Bit Axe
17:31 Stone Mining
18:45 Hand Cart
19:08 Heavy Plow
23:13 Gold Mining
25:37 Town Watch
27:31 Gold Shaft Mining
32:11 Imperial Age
30:32 Pikeman
31:52 Thumb Ring
31:38 Fletching
31:49 Padded Archer Armor
31:51 Scale Mail Armor
32:56 Halberdier
34:56 Chemistry
34:13 Bow Saw
34:12 Elite Chu Ko Nu
35:16 Conscription
34:58 Bodkin Arrow
35:53 Ballistics
35:29 Murder Holes
37:18 Bracer
37:29 Forging
37:35 Chain Mail Armor
38:23 Two-Man Saw
38:53 Great Wall
39:02 Great Wall
39:25 Bombard Tower
40:15 Leather Archer Armor
40:36 Iron Casting
40:32 Plate Mail Armor
40:15 Masonry
40:43 Stone Shaft Mining
44:20 Squires
45:21 Blast Furnace
44:52 Ring Archer Armor
44:54 Architecture
Maverick
1:00 Loom
10:54 Feudal Age
12:06 Double-Bit Axe
16:58 Castle Age
14:59 Gold Mining
19:43 Bow Saw
22:45 Wheelbarrow
23:34 Scale Mail Armor
28:28 Hand Cart
32:19 Forging
32:15 Scale Barding Armor
36:35 Imperial Age
36:00 Horse Collar
36:13 Stone Mining
36:59 Gold Shaft Mining
36:16 Pikeman
36:28 Pikeman
39:52 Halberdier
41:21 Heavy Plow
43:47 Iron Casting
43:27 Chain Mail Armor
43:33 Chain Barding Armor
43:14 Cavalier
Connection lost

Rejoining the realm…

Still unreachable

The connection could not be restored.

Session expired

The server has moved on; the page needs a fresh start.